[Event "Titled Tuesday Blitz October 18 Late 2022"]
[White "Jaracz, Pawel"]
[Black "Zhigalko, Sergei"]
[WhiteFideId "1102222"]
[BlackFideId "13502956"]
[WhiteElo "2459"]
[BlackElo "2662"]
[Result "0-1"]
[Round "08"]
[TimeControl "180+1"]
[Date "2022.10.18"]
[WhiteClock "0:00:01"]
[BlackClock "0:00:06"]

1. e4 c5 2. Nf3 Nc6 3. d4 cxd4 4. Nxd4 Nf6 5. Nc3 e5 6. Ndb5 d6 7. Bg5 a6 8. Na3 b5 9. Bxf6 gxf6 10. Nd5 Bg7 11. c3 f5 12. Bd3 Be6 13. Nxb5 axb5 14. Bxb5 Bd7 15. exf5 O-O 16. O-O e4 17. Re1 Re8 18. a4 Rb8 19. Qh5 Re5 20. Ne3 Ne7 21. Qg4 Nxf5 22. Nc4 Rc5 23. Bxd7 Qxd7 24. Rxe4 h5 25. Qh3 Qc8 26. Ne3 Nxe3 27. Qxe3 Re5 28. Rd1 Rxb2 29. g3 Rxe4 30. Qxe4 Qe6 31. Qxe6 fxe6 32. Rxd6 Kf7 33. Rc6 Ra2 34. Rc7+ Kf6 35. Rc5 h4 36. Kg2 Rxa4 37. Kh3 hxg3 38. hxg3 Ra2 39. f4 Bf8 40. Rc6 Rf2 41. Kg4 Be7 42. c4 Kf7 43. Kh3 Rc2 44. Kg4 Bf6 45. Kf3 Rc3+ 46. Kg4 Rd3 47. Rc7+ Be7 48. c5 Kf6 49. Rc8 Rc3 50. c6 Kf7 51. Kh3 Rc4 52. Kg4 Rc3 53. Kh3 Kg7 54. Kg4 Bd6 55. Re8 Kf7 56. Rh8 Rxc6 57. f5 Rc4+ 58. Kg5 Be7+ 59. Kh5 exf5 60. Rh7+ Kf6 61. Rh6+ Ke5 62. Rh7 Bf6 63. Ra7 Re4 64. Ra5+ Ke6 65. Ra7 Be5 66. Ra6+ Bd6 0-1


[Site "https://www.chess.com"]

[Event "Titled Tuesday Blitz October 18 Late 2022"]
[White "Jimenez Jimenez, Leandro"]
[Black "Hemam, Moulaye Brahim"]
[WhiteFideId "6415253"]
[BlackFideId "19600054"]
[WhiteElo "2217"]
[BlackElo "2088"]
[Result "0-1"]
[Round "08"]
[TimeControl "180+1"]
[Date "2022.10.19"]
[WhiteClock "0:01:10"]
[BlackClock "0:00:31"]

1. d4 Nf6 2. c4 g6 3. Nc3 d5 4. Nf3 Bg7 5. Qb3 dxc4 6. Qxc4 O-O 7. e4 a6 8. e5 b5 9. Qb3 Be6 10. Qc2 Nd5 11. Be2 c5 12. Nxd5 Qxd5 13. Qxc5 Qxc5 14. dxc5 Nd7 15. Be3 Nxe5 16. O-O Nc4 17. Bd4 Nxb2 18. Rac1 Nc4 19. a4 Bd5 20. Rfd1 Rfd8 21. axb5 axb5 22. Be5 Nxe5 23. Nxe5 Bxe5 24. Bxb5 e6 25. g3 Bf3 26. Re1 Bd4 27. c6 Rac8 28. Rc4 Bg7 29. Ba4 Rc7 30. Re3 Bd5 31. Rc2 Ra8 32. Bb5 Ra1+ 33. Bf1 Rxc6 34. Rxc6 Bxc6 35. Rb3 Bf6 36. f3 Bd5 37. Rb8+ Kg7 38. Kg2 Bxf3+ 39. Kxf3 Rxf1+ 40. Kg2 Rd1 41. h4 h5 42. Kf3 Rd3+ 43. Kf2 Rxg3 44. Rb4 Rg4 45. Rb5 Bxh4+ 46. Kf3 Bf6 47. Ra5 Rg5 48. Ra4 h4 49. Kf4 h3 50. Ra3 h2 51. Rh3 Rh5 52. Rxh2 Rxh2 53. Kg4 Rh5 54. Kg3 Rh4 55. Kf3 g5 56. Kg3 Kg6 57. Kf3 Kf5 58. Kg3 g4 59. Kg2 Kf4 60. Kf2 Rh2+ 61. Kg1 Rc2 62. Kf1 Ke3 63. Kg1 Be5 64. Kf1 Bf4 65. Kg1 Kf3 66. Kf1 Rc1# 0-1


[Site "https://www.chess.com"]

[Event "Titled Tuesday Blitz October 18 Late 2022"]
[White "Joubert, Dantelle"]
[Black "Clawitter, Craig"]
[WhiteFideId "14310813"]
[BlackFideId "2023105"]
[WhiteElo "1507"]
[BlackElo "2192"]
[Result "1-0"]
[Round "08"]
[TimeControl "180+1"]
[Date "2022.10.19"]
[WhiteClock "0:00:44"]
[BlackClock "0:00:01"]

1. d4 e6 2. c4 Nf6 3. Nc3 d5 4. Nf3 c6 5. e3 Nbd7 6. Be2 Bd6 7. O-O O-O 8. Qc2 dxc4 9. a4 e5 10. Bxc4 h6 11. b3 Re8 12. Bb2 e4 13. Nd2 Bxh2+ 14. Kxh2 Ng4+ 15. Kg3 Nb6 16. Ncxe4 Bf5 17. Qd3 Nd5 18. Rae1 a6 19. f3 Ngxe3 20. Rxe3 Nxe3 21. Qxe3 b5 22. Bd3 Qc7+ 23. Qf4 Qd7 24. Nf6+ gxf6 25. Bxf5 Qe7 26. Qxh6 1-0


[Site "https://www.chess.com"]

[Event "Titled Tuesday Blitz October 18 Late 2022"]
[White "Kaganskiy, Gleb"]
[Black "Malka, Samuel"]
[WhiteFideId "4132025"]
[BlackFideId "20643675"]
[WhiteElo "2165"]
[BlackElo "2450"]
[Result "1-0"]
[Round "08"]
[TimeControl "180+1"]
[Date "2022.10.19"]
[WhiteClock "0:00:37"]
[BlackClock "0:00:07"]

1. e4 c5 2. Nf3 Nc6 3. d4 cxd4 4. Nxd4 Nf6 5. Nc3 e5 6. Ndb5 d6 7. a4 a6 8. Na3 Bg4 9. f3 Be6 10. Bc4 Rc8 11. Bg5 Na5 12. Bd5 Qb6 13. Bxf6 gxf6 14. Qc1 h5 15. Rb1 Bh6 16. Qd1 Rg8 17. Qe2 Be3 18. g3 Bd4 19. Kf1 Qc5 20. f4 Bg4 21. Qd3 h4 22. Kg2 h3+ 23. Kf1 Bxc3 24. Qxc3 Qxc3 25. bxc3 Rxc3 26. Bb3 exf4 27. gxf4 Bf3 28. Rg1 Rg2 29. Rxg2 hxg2+ 30. Kg1 Nxb3 31. Rxb3 Rxb3 32. cxb3 Bxe4 33. Nc4 Ke7 34. Ne3 d5 35. Nxg2 Bc2 36. a5 Bxb3 37. Kf2 d4 38. Ke2 Bc2 39. Ne1 Be4 40. Nf3 d3+ 41. Ke3 Bxf3 42. Kxf3 Ke6 43. h4 Kf5 44. h5 d2 45. Ke2 Kxf4 46. h6 Ke4 47. h7 f5 48. h8=Q 1-0


[Site "https://www.chess.com"]

[Event "Titled Tuesday Blitz October 18 Late 2022"]
[White "Kamsky, Gata"]
[Black "Deac, Bogdan-Daniel"]
[WhiteFideId "2000024"]
[BlackFideId "1226380"]
[WhiteElo "2666"]
[BlackElo "2648"]
[Result "0-1"]
[Round "08"]
[TimeControl "180+1"]
[Date "2022.10.18"]
[WhiteClock "0:00:06"]
[BlackClock "0:00:06"]

1. e4 c6 2. d3 d5 3. Nf3 Qc7 4. Nc3 dxe4 5. dxe4 e5 6. Bc4 h6 7. a4 Nf6 8. O-O Bb4 9. Bd2 a5 10. Qe2 O-O 11. Nh4 Re8 12. Rfd1 Na6 13. Na2 Bf8 14. Nc1 Nc5 15. f3 g5 16. Nf5 Bxf5 17. exf5 e4 18. Nb3 exf3 19. Qxf3 Nce4 20. Be1 Bd6 21. g3 Be5 22. Rab1 g4 23. Qf1 Ng5 24. Be2 b6 25. Kh1 Rad8 26. c3 h5 27. Qg2 c5 28. Nd2 Qe7 29. Bb5 Rf8 30. Nc4 Bc7 31. Bd2 Nf3 32. Bh6 Rxd1+ 33. Rxd1 Rd8 34. Rf1 Qe4 35. Ne3 Kh7 36. Qc2 Qxc2 0-1


[Site "https://www.chess.com"]

[Event "Titled Tuesday Blitz October 18 Late 2022"]
[White "Kanakaris, Georgios"]
[Black "Bordi, Kevin"]
[WhiteFideId "4209460"]
[BlackFideId "621862"]
[WhiteElo "2291"]
[BlackElo "2791"]
[Result "0-1"]
[Round "08"]
[TimeControl "180+1"]
[Date "2022.10.18"]
[WhiteClock "0:00:02"]
[BlackClock "0:00:08"]

1. d4 d5 2. Nf3 Nf6 3. c4 c6 4. e3 Bf5 5. Bd3 Bg6 6. O-O e6 7. Nc3 Bd6 8. Qe2 Ne4 9. Nd2 f5 10. f3 Qh4 11. f4 Bh5 12. Nf3 Qe7 13. Qe1 Nd7 14. Bxe4 fxe4 15. Ne5 O-O 16. Nxd7 Qxd7 17. Qh4 Bg6 18. Qh3 dxc4 19. g4 c5 20. Rd1 Qc6 21. d5 exd5 22. Rxd5 b5 23. Qg2 Rae8 24. Rd1 b4 25. Ne2 Bc7 26. Bd2 Rd8 27. Be1 Rd3 28. Rdc1 Bf7 29. Ng3 Bd5 30. Nf5 Rxf5 31. gxf5 Rxe3 32. Bf2 Re2 33. Qg4 Rxb2 34. Rd1 e3 35. f6 exf2+ 36. Kf1 Bg2+ 37. Qxg2 Qxg2+ 38. Kxg2 gxf6 39. Rd7 Bxf4 40. Rad1 Be5 41. R1d5 c3 42. Rb7 Rd2 43. Rxc5 Rd8 44. Rxb4 Kf7 45. Rb7+ Kg6 46. Rb1 Rd2 47. Ra5 c2 48. Rf1 Bb2 49. Rc5 c1=Q 50. Rfxc1 Bxc1 51. Rxc1 Rxa2 52. Rc3 a5 53. h4 h5 54. Rc5 a4 55. Ra5 Kf7 56. Rxh5 Rb2 57. Ra5 Ra2 58. Kf1 Kg7 59. Kg2 Kg6 60. Kf1 f5 61. Kg2 Kh5 62. Rxf5+ Kxh4 63. Ra5 Kg4 64. Ra8 Kf4 65. Rf8+ Ke3 66. Rf3+ Ke4 67. Rg3 a3 68. Rh3 Kd4 69. Rf3 Kc4 70. Rf4+ Kd5 71. Rf3 Ke4 72. Rg3 Kd4 73. Kf1 Kc4 74. Rf3 Kb4 75. Rf4+ Kb3 76. Rf3+ Kc4 77. Rf4+ Kd3 78. Rf3+ Ke4 79. Rb3 Kd5 80. Rf3 Kc4 81. Rf4+ Kb3 82. Rf3+ Kb2 83. Rxf2+ Kb1 84. Rf7 Rb2 85. Re7 a2 86. Re1+ Kc2 0-1


[Site "https://www.chess.com"]

[Event "Titled Tuesday Blitz October 18 Late 2022"]
[White "Kanter, Eduard"]
[Black "Mazurkiewicz, Michal"]
[WhiteFideId "4103963"]
[BlackFideId "1124943"]
[WhiteElo "2267"]
[BlackElo "2063"]
[Result "0-1"]
[Round "08"]
[TimeControl "180+1"]
[Date "2022.10.19"]
[WhiteClock "0:00:13"]
[BlackClock "0:00:09"]

1. d4 Nf6 2. c4 e5 3. dxe5 Ng4 4. Nh3 Nxe5 5. e3 d5 6. Qxd5 Qe7 7. Nf4 c6 8. Qd1 Bf5 9. Be2 Nbd7 10. Nc3 O-O-O 11. e4 Nc5 12. Qc2 Ned3+ 13. Nxd3 Bxe4 14. Nxe4 Qxe4 15. Nb4 Qxg2 16. Rf1 Ne4 17. Nd3 Ng5 18. Be3 Nf3+ 19. Bxf3 Qxf3 20. Qe2 Qe4 21. O-O-O Qxc4+ 22. Kb1 Be7 23. Bxa7 Bf6 24. Be3 Rd5 25. Qc2 Qb5 26. Nf4 Rxd1+ 27. Rxd1 Re8 28. Qxh7 Qxb2# 0-1


[Site "https://www.chess.com"]

[Event "Titled Tuesday Blitz October 18 Late 2022"]
[White "Keymer, Vincent"]
[Black "Yuan, Qingyu"]
[WhiteFideId "12940690"]
[BlackFideId "8609772"]
[WhiteElo "2600"]
[BlackElo "2359"]
[Result "1-0"]
[Round "08"]
[TimeControl "180+1"]
[Date "2022.10.18"]
[WhiteClock "0:00:11"]
[BlackClock "0:00:03"]

1. Nf3 d5 2. e3 Nf6 3. c4 e6 4. Nc3 Nbd7 5. b3 Bd6 6. Bb2 O-O 7. Be2 a6 8. O-O b6 9. a4 Bb4 10. Na2 Bd6 11. d4 Bb7 12. a5 c5 13. axb6 Qxb6 14. b4 dxc4 15. dxc5 Bxc5 16. Bxf6 Nxf6 17. bxc5 Qxc5 18. Qd4 Qf5 19. Qxc4 Rfc8 20. Qf4 Qg6 21. Rfc1 h6 22. Nb4 Rxc1+ 23. Rxc1 a5 24. Nd3 a4 25. Nc5 a3 26. Bd3 Qh5 27. Nxb7 Qd5 28. Qd4 Qxb7 29. Ra1 Qb3 30. h3 a2 31. Nd2 Qa3 32. Bc4 Ra4 33. Rxa2 Qc1+ 34. Kh2 Rxa2 35. Bxa2 Kh7 36. Nf3 Qf1 37. Qd2 Kg8 38. Qc2 Kh8 39. Bb1 g6 40. Qb2 Kg7 41. Qc2 e5 42. Nxe5 Nh5 43. Qb2 Kg8 44. Ng4 f5 45. Ba2+ Kf8 46. Qb4+ Kg7 47. Qe7+ Kh8 48. Qf8+ Kh7 49. Qg8# 1-0


[Site "https://www.chess.com"]

[Event "Titled Tuesday Blitz October 18 Late 2022"]
[White "Kirillov, Dmitry"]
[Black "Bulgurlu, Okan"]
[WhiteFideId "34180572"]
[BlackFideId "6352316"]
[WhiteElo "2095"]
[BlackElo "2187"]
[Result "0-1"]
[Round "08"]
[TimeControl "180+1"]
[Date "2022.10.19"]
[WhiteClock "0:00:01"]
[BlackClock "0:01:12"]

1. e4 c6 2. d4 d5 3. Nc3 dxe4 4. Nxe4 Nf6 5. Nxf6+ exf6 6. c3 c5 7. Nf3 cxd4 8. cxd4 Bd6 9. Be2 O-O 10. O-O Nc6 11. Be3 Bf5 12. Rc1 Rc8 13. a3 Re8 14. Re1 Bb8 15. d5 Ne5 16. Nd4 Be4 17. Rxc8 Qxc8 18. Nf3 Ng4 19. Qd4 Be5 20. Qxe4 Bxh2+ 21. Nxh2 Rxe4 22. Nxg4 Rxg4 23. Rc1 Qd7 24. Bxg4 Qxg4 25. d6 h5 26. f3 Qe6 27. Bf4 g5 28. Bd2 Qxd6 29. Bc3 g4 30. Kf2 Qc5+ 31. Kg3 gxf3 32. Kxf3 Qf5+ 33. Ke2 Qe4+ 34. Kd1 Qxg2 35. Rc2 Qf1+ 36. Kd2 h4 37. Ke3 h3 38. Bd4 Qe1+ 0-1


[Site "https://www.chess.com"]

[Event "Titled Tuesday Blitz October 18 Late 2022"]
[White "Kobla, Vishal"]
[Black "Vlassov, Nikolai"]
[WhiteFideId "2078457"]
[BlackFideId "4103360"]
[WhiteElo "1972"]
[BlackElo "2324"]
[Result "0-1"]
[Round "08"]
[TimeControl "180+1"]
[Date "2022.10.19"]
[WhiteClock "0:00:02"]
[BlackClock "0:01:18"]

1. e4 Nc6 2. Nf3 d5 3. exd5 Qxd5 4. d4 Bg4 5. Be2 O-O-O 6. c4 Qh5 7. Be3 Nh6 8. Nbd2 Nf5 9. d5 Nxe3 10. fxe3 Ne5 11. O-O e6 12. Nxe5 Bxe2 13. g4 Bxd1 14. gxh5 Bxh5 15. Nxf7 Bxf7 16. Rxf7 exd5 17. cxd5 Rxd5 18. Ne4 Re5 19. Raf1 Rxe4 20. Rxf8+ Rxf8 21. Rxf8+ Kd7 22. Rf7+ Re7 23. Rf3 Ke6 24. Rh3 h6 25. Kf2 c5 26. Rh5 b6 27. a3 Rd7 28. Ke2 Rd5 29. Rh4 Rg5 30. Re4+ Kd6 31. Kf3 Rf5+ 32. Kg2 Re5 33. Rg4 Rxe3 34. Rxg7 Re2+ 35. Kf3 Rxh2 36. Rxa7 Rxb2 37. Rh7 Rb3+ 38. Ke4 Rxa3 39. Rxh6+ Kc7 40. Kd5 Rd3+ 41. Kc4 Rd4+ 42. Kb5 Rb4+ 43. Ka6 c4 44. Rh4 Kc6 45. Rh6+ Kc5 46. Rh5+ Kd4 47. Rh4+ Kd3 48. Rh3+ Kc2 49. Rh2+ Kb3 50. Rh3+ c3 51. Rg3 Kb2 0-1


[Site "https://www.chess.com"]

[Event "Titled Tuesday Blitz October 18 Late 2022"]
[White "Koziorowicz, Michal"]
[Black "Girsh, Daniel"]
[WhiteFideId "21809194"]
[BlackFideId "30949190"]
[WhiteElo "2220"]
[BlackElo "2075"]
[Result "1-0"]
[Round "08"]
[TimeControl "180+1"]
[Date "2022.10.18"]
[WhiteClock "0:01:23"]
[BlackClock "0:00:06"]

1. e4 c5 2. Nf3 d6 3. Bb5+ Nd7 4. d4 Nf6 5. Nc3 cxd4 6. Qxd4 a6 7. Bxd7+ Bxd7 8. Bg5 h6 9. Bxf6 gxf6 10. O-O-O b5 11. Nd5 Rc8 12. e5 Rc4 13. Qe3 h5 14. exf6 Bh6 15. Ng5 e6 16. f4 Kf8 17. Ne7 Qc7 18. Rd2 d5 19. Nxd5 Qb7 20. Kb1 Bc6 21. Ne7 Be8 22. Rd8 Qc7 23. Ng6+ fxg6 24. Nxe6+ Kf7 25. Nxc7 Rxc7 26. Re1 Kxf6 27. Qe5+ Kf7 28. Qxh8 Bg7 29. Qxe8+ Kf6 30. Qe6# 1-0


[Site "https://www.chess.com"]

[Event "Titled Tuesday Blitz October 18 Late 2022"]
[White "Li, Ruifeng"]
[Black "Al Hosani, Omran"]
[WhiteFideId "2061074"]
[BlackFideId "9308733"]
[WhiteElo "2441"]
[BlackElo "2167"]
[Result "1-0"]
[Round "08"]
[TimeControl "180+1"]
[Date "2022.10.18"]
[WhiteClock "0:02:35"]
[BlackClock "0:01:02"]

1. b3 b6 2. Bb2 Bb7 3. e3 e6 4. Nf3 Nf6 5. Be2 Be7 6. c4 O-O 7. Qc2 c5 8. g4 d5 9. g5 Ne4 10. Rg1 Nd7 11. Nc3 Nd6 12. cxd5 exd5 13. Nb5 Nxb5 14. Bxb5 Re8 15. Qf5 Nf8 16. Ne5 Bd6 1-0


[Site "https://www.chess.com"]

[Event "Titled Tuesday Blitz October 18 Late 2022"]
[White "Lizak, Peter"]
[Black "Cruz, William Ferreira Da"]
[WhiteFideId "731595"]
[BlackFideId "2118050"]
[WhiteElo "2420"]
[BlackElo "2223"]
[Result "1-0"]
[Round "08"]
[TimeControl "180+1"]
[Date "2022.10.18"]
[WhiteClock "0:00:11"]
[BlackClock "0:00:14"]

1. d4 Nf6 2. Nc3 d5 3. Bf4 c6 4. e3 g6 5. h4 Bg7 6. h5 Nxh5 7. Rxh5 gxh5 8. Qxh5 Nd7 9. Nf3 Nf6 10. Qh4 Bf5 11. O-O-O Ne4 12. Nxe4 Bxe4 13. Ne5 Qa5 14. f3 Bg6 15. a3 Bf6 16. Qh3 Qd8 17. g4 Bxe5 18. Bxe5 f6 19. Bf4 Qd7 20. Bh2 h5 21. Qh4 Rh7 22. g5 fxg5 23. Qxg5 Qf5 24. Qg2 Qe6 25. Bf4 Kf7 26. Qh2 Rg8 27. c4 h4 28. b3 Qf5 29. Bd3 Qh5 30. Be2 Qf5 31. Bd3 Qe6 32. e4 dxe4 33. fxe4 h3 34. d5 Qg4 35. Bd2 Qg2 36. Rf1+ Kg7 37. Bc3+ Kh6 38. Bd2+ Kg7 39. Qe5# 1-0


[Site "https://www.chess.com"]

[Event "Titled Tuesday Blitz October 18 Late 2022"]
[White "Lorenzo De La Riva, Lazaro"]
[Black "Papayan, Oleg"]
[WhiteFideId "2268809"]
[BlackFideId "4193911"]
[WhiteElo "2325"]
[BlackElo "2153"]
[Result "0-1"]
[Round "08"]
[TimeControl "180+1"]
[Date "2022.10.19"]
[WhiteClock "0:00:11"]
[BlackClock "0:00:50"]

1. Nf3 Nf6 2. c4 e6 3. g3 d5 4. Bg2 dxc4 5. Qa4+ Nbd7 6. O-O a6 7. Qxc4 b5 8. Qc2 Bb7 9. b3 c5 10. Bb2 Be7 11. d3 O-O 12. Nbd2 Rc8 13. a3 Nb6 14. Rac1 h6 15. Qb1 Qd6 16. Qa1 Qb8 17. Rfd1 Qa8 18. e4 Rfd8 19. Ne5 Nbd7 20. Nf1 Nxe5 21. Bxe5 c4 22. bxc4 bxc4 23. Rxc4 Rxc4 24. dxc4 Rxd1 25. Qxd1 Bxe4 26. Bxf6 Bxf6 27. Bxe4 Qxe4 28. Ne3 Bd4 29. Qc2 Qxc2 30. Nxc2 Bc5 31. Kg2 f5 32. f4 Kf7 33. Kf3 Kf6 34. Nb4 a5 35. Nc2 e5 36. a4 e4+ 37. Ke2 g5 38. fxg5+ hxg5 39. Na1 f4 40. gxf4 gxf4 41. Nb3 f3+ 42. Kd2 e3+ 43. Ke1 Bb4+ 44. Kd1 e2+ 0-1


[Site "https://www.chess.com"]

[Event "Titled Tuesday Blitz October 18 Late 2022"]
[White "Luxama, Jacques Muller"]
[Black "Ansh M Shah"]
[WhiteFideId "11900113"]
[BlackFideId "25033379"]
[WhiteElo "1931"]
[BlackElo "2084"]
[Result "1-0"]
[Round "08"]
[TimeControl "180+1"]
[Date "2022.10.19"]
[WhiteClock "0:01:42"]
[BlackClock "0:00:08"]

1. d4 Nf6 2. c4 e6 3. Nc3 d5 4. cxd5 exd5 5. Bg5 Be7 6. e3 O-O 7. Bd3 c6 8. Qc2 Nbd7 9. Nge2 h6 10. Bh4 Re8 11. f3 Nh5 12. Bf2 Bd6 13. g4 Nhf6 14. h4 Qc7 15. g5 Nh5 16. gxh6 gxh6 17. O-O-O Kh8 18. Rdg1 Ndf6 19. e4 dxe4 20. fxe4 Bf4+ 21. Kb1 Be6 22. e5 Nd5 23. Nxd5 Bxd5 24. Be4 Qa5 25. Nc3 f6 26. Bxd5 cxd5 27. Qg6 fxe5 28. Qxh5 exd4 29. Bxd4+ Be5 30. Bxe5+ Rxe5 31. Qxe5+ 1-0


[Site "https://www.chess.com"]

[Event "Titled Tuesday Blitz October 18 Late 2022"]
[White "Madaminov, Mukhiddin"]
[Black "Rustemov, Alexander"]
[WhiteFideId "14210703"]
[BlackFideId "4119002"]
[WhiteElo "2341"]
[BlackElo "2759"]
[Result "1-0"]
[Round "08"]
[TimeControl "180+1"]
[Date "2022.10.18"]
[WhiteClock "0:00:12"]
[BlackClock "0:00:07"]

1. d4 d5 2. Nc3 Nf6 3. Bf4 a6 4. e3 b5 5. Nf3 Bb7 6. Bd3 e6 7. Ne2 Nbd7 8. Ng3 c5 9. c3 Qb6 10. O-O Bd6 11. Ne5 Qc7 12. Nxd7 Nxd7 13. Qg4 O-O 14. Nh5 g6 15. Qg5 Bxf4 16. exf4 f6 17. Qg4 Kf7 18. Ng3 f5 19. Qf3 cxd4 20. cxd4 Rac8 21. Rfe1 Nf6 22. Qe3 Qd6 23. f3 Rc7 24. Rac1 Rfc8 25. Rxc7+ Rxc7 26. Rc1 Rxc1+ 27. Qxc1 b4 28. Ne2 a5 29. Kf2 Ba6 30. Bxa6 Qxa6 31. Qc7+ Kf8 32. b3 Qb5 33. Ke3 Nd7 34. Nc1 Ke7 35. Nd3 Qb6 36. Qc8 Qb8 37. Qc6 Qb6 38. Qc1 Kd8 39. Qe1 Qc7 40. Qh4+ Kc8 41. Qxh7 Qc2 42. Qxg6 Qxa2 43. Qxe6 Qxb3 44. Qa6+ Kd8 45. Qxa5+ Ke8 46. Qxb4 Qc2 47. Qd2 Qb1 48. Qe1 Qc2 49. Qe2 Qc3 50. Kf2+ Kf8 51. Qe3 Nb6 52. Ne5 Qb2+ 53. Kg3 Nc4 54. Qd3 Qc1 55. Qxf5+ Kg7 56. Qf7+ 1-0


[Site "https://www.chess.com"]

[Event "Titled Tuesday Blitz October 18 Late 2022"]
[White "Maksimovic, Bojan"]
[Black "Iliaguev, Nisim"]
[WhiteFideId "14408120"]
[BlackFideId "2817276"]
[WhiteElo "2447"]
[BlackElo "2264"]
[Result "1-0"]
[Round "08"]
[TimeControl "180+1"]
[Date "2022.10.18"]
[WhiteClock "0:00:20"]
[BlackClock "0:00:06"]

1. e4 c6 2. Nf3 d5 3. d3 dxe4 4. dxe4 Qxd1+ 5. Kxd1 Bg4 6. Be2 Bxf3 7. Bxf3 e6 8. Be2 Nd7 9. f3 a5 10. a4 Ngf6 11. c3 Bc5 12. Kc2 h6 13. Na3 Ke7 14. Nc4 Rhd8 15. Bf4 Ne8 16. Rhd1 f6 17. Rd2 e5 18. Bg3 Nb6 19. Rxd8 Rxd8 20. Nxa5 Be3 21. Be1 Nd6 22. Ra3 Ra8 23. b4 c5 24. Kb3 Rc8 25. Ra1 c4+ 26. Kc2 h5 27. Rd1 Rc7 28. Ra1 Ke6 29. h4 g6 30. g3 g5 31. hxg5 fxg5 32. Bf1 g4 33. fxg4 hxg4 34. Be2 Rg7 35. Rd1 Ke7 36. Nxb7 Nxb7 37. a5 Nd7 38. Bxc4 Nf6 39. Kb3 Nd6 40. Bd5 Nxd5 41. exd5 Rf7 42. c4 Rf3 43. Rd3 e4 44. Rc3 Bd4 45. Rxf3 gxf3 46. c5 e3 47. a6 f2 48. Bxf2 exf2 49. a7 f1=Q 50. cxd6+ Kxd6 51. a8=Q Qd1+ 52. Kc4 Qc2+ 53. Kxd4 Qd2+ 54. Ke4 Qe2+ 55. Kf4 Qf2+ 56. Kg4 Qe2+ 57. Kh4 Qh2+ 58. Kg4 Qe2+ 59. Kg5 Qe5+ 60. Kh4 Qf6+ 61. Kh3 Qf5+ 62. g4 Qf1+ 63. Kh4 Qf6+ 64. g5 Qf4+ 65. Kh5 Qf3+ 66. Kh6 Qe4 67. Qc6+ Ke7 68. Qe6+ Qxe6+ 69. dxe6 1-0


[Site "https://www.chess.com"]

[Event "Titled Tuesday Blitz October 18 Late 2022"]
[White "Marcolino, Daniel Mattos"]
[Black "Gonzalez Vega, Alejandro"]
[WhiteFideId "2106841"]
[BlackFideId "3510042"]
[WhiteElo "2065"]
[BlackElo "2257"]
[Result "0-1"]
[Round "08"]
[TimeControl "180+1"]
[Date "2022.10.19"]
[WhiteClock "0:00:11"]
[BlackClock "0:00:13"]

1. d4 d5 2. Nf3 Nf6 3. g3 Bf5 4. Bg2 e6 5. c4 c6 6. Nc3 Nbd7 7. Qb3 Qb6 8. c5 Qxb3 9. axb3 a6 10. b4 Rc8 11. Nh4 Bg6 12. Nxg6 hxg6 13. O-O e5 14. e3 Be7 15. Re1 O-O 16. Bd2 Rfe8 17. Rad1 Bd8 18. Bc1 Bc7 19. Ne2 Re7 20. dxe5 Nxe5 21. Nd4 Rce8 22. Kf1 g5 23. h3 g6 24. b3 Nfd7 25. Bb2 f5 26. Nf3 Nxf3 27. Bxf3 Be5 28. Bxe5 Nxe5 29. Bg2 g4 30. h4 Kf7 31. Rd4 Kf6 32. Red1 Nd7 33. Rf4 Nf8 34. Rfd4 Ne6 35. R4d3 g5 36. hxg5+ Nxg5 37. Rd4 Ne6 38. R4d3 Rd7 39. Ke2 Ke5 40. Rh1 d4 41. exd4+ Nxd4+ 42. Kd2 Nxb3+ 43. Kc3 Rxd3+ 44. Kxd3 Rd8+ 45. Kc3 Nd4 46. Rh7 Ne6 47. Rxb7 Nd4 48. Re7+ Kf6 49. Rc7 Nb5+ 0-1


[Site "https://www.chess.com"]

[Event "Titled Tuesday Blitz October 18 Late 2022"]
[White "Melikyan, Gnel"]
[Black "Vujic, Mihailo"]
[WhiteFideId "54109990"]
[BlackFideId "918873"]
[WhiteElo "2138"]
[BlackElo "2256"]
[Result "1-0"]
[Round "08"]
[TimeControl "180+1"]
[Date "2022.10.19"]
[WhiteClock "0:02:19"]
[BlackClock "0:01:07"]

1. d4 d5 2. c4 e5 3. dxe5 d4 4. Nf3 Nc6 5. g3 Nge7 6. Bg2 Ng6 7. O-O Ngxe5 8. Nxe5 Nxe5 9. e3 d3 10. b3 Bg4 11. f3 Be6 12. Bb2 f6 13. Nc3 Bc5 14. Qd2 Bxc4 15. Na4 Qe7 16. Nxc5 Qxc5 17. Bd4 Qd6 18. bxc4 Nxc4 19. Qxd3 Nb6 20. Qb3 O-O-O 21. a4 h5 22. a5 Nd5 23. f4 h4 24. Rac1 hxg3 25. hxg3 c6 26. a6 Kb8 27. Qxb7# 1-0


[Site "https://www.chess.com"]

[Event "Titled Tuesday Blitz October 18 Late 2022"]
[White "Mickiewicz, Piotr"]
[Black "Mortazavi, Ali"]
[WhiteFideId "1114891"]
[BlackFideId "401323"]
[WhiteElo "2246"]
[BlackElo "2339"]
[Result "0-1"]
[Round "08"]
[TimeControl "180+1"]
[Date "2022.10.19"]
[WhiteClock "0:00:13"]
[BlackClock "0:00:11"]

1. Nf3 Nf6 2. b3 g6 3. Bb2 Bg7 4. e3 O-O 5. c4 d6 6. Be2 e5 7. d3 a5 8. O-O Re8 9. Qc2 Nbd7 10. Nbd2 Nc5 11. a3 Bf5 12. e4 Bg4 13. h3 Bxf3 14. Nxf3 Ne6 15. Rfe1 Nd7 16. Bf1 Rf8 17. b4 b6 18. g3 Kh8 19. Bg2 Rb8 20. Bc3 axb4 21. axb4 f5 22. exf5 gxf5 23. Nd2 f4 24. Bc6 Nf6 25. Kg2 fxg3 26. fxg3 Rg8 27. Kh2 Bh6 28. Nf3 Qf8 29. Rg1 Be3 30. Rg2 Qh6 31. Nh4 Bf4 32. Nf5 Ng4+ 33. Kg1 Be3+ 34. Nxe3 Nxe3 35. Qd2 Nd4 36. Re1 Ndc2 37. Ree2 Rbf8 38. Ref2 Rxf2 39. Qxf2 Rf8 40. Qd2 Rf1+ 41. Kh2 Ng4# 0-1


[Site "https://www.chess.com"]

[Event "Titled Tuesday Blitz October 18 Late 2022"]
[White "Moaataz, Ayah"]
[Black "Kowalysko, Roman"]
[WhiteFideId "10615873"]
[BlackFideId "30918510"]
[WhiteElo "1993"]
[BlackElo "2135"]
[Result "0-1"]
[Round "08"]
[TimeControl "180+1"]
[Date "2022.10.19"]
[WhiteClock "0:01:00"]
[BlackClock "0:01:29"]

1. c4 Nf6 2. g3 Nd5 3. Bg2 Nf6 4. Nf3 g6 5. O-O Bg7 6. d4 O-O 7. Nc3 d6 8. e4 Nbd7 9. h3 e5 10. d5 Nc5 11. Ne1 a5 12. a3 a4 13. Be3 Nh5 14. Bxc5 dxc5 15. Nxa4 f5 16. Nxc5 fxe4 17. Nxe4 Bf5 18. Nc5 b6 19. Nb7 Qc8 20. d6 Bxh3 21. Bxh3 Qxh3 22. Ng2 Nf6 23. Ne3 Bh6 24. Qd3 Bxe3 25. Qxe3 Ng4 26. Qh6 Qxh6 0-1


[Site "https://www.chess.com"]

[Event "Titled Tuesday Blitz October 18 Late 2022"]
[White "Naroditsky, Daniel"]
[Black "Galaktionov, Artem"]
[WhiteFideId "2026961"]
[BlackFideId "24175471"]
[WhiteElo "2628"]
[BlackElo "2278"]
[Result "0-1"]
[Round "08"]
[TimeControl "180+1"]
[Date "2022.10.18"]
[WhiteClock "0:00:02"]
[BlackClock "0:01:04"]

1. e4 c6 2. d4 d6 3. Nc3 g6 4. h4 Bg7 5. h5 Qb6 6. Nge2 e5 7. dxe5 dxe5 8. Ng3 Be6 9. Bd3 Nd7 10. Qe2 Ngf6 11. b3 Nc5 12. Bd2 Nxd3+ 13. cxd3 Rd8 14. Rd1 Qd4 15. h6 Bf8 16. Qf3 Be7 17. Nge2 Qxd3 18. Be3 Qc2 19. Rc1 Qb2 20. Rb1 Qc2 21. Rc1 Qb2 22. Rb1 Qa3 23. Qg3 Ng4 24. Bc1 Qa5 25. O-O O-O 26. f3 Nf6 27. Bg5 Nh5 28. Qh4 Bc5+ 29. Kh2 f6 30. Bc1 Rd3 31. Qe1 Bb4 32. Bb2 Rfd8 33. a3 Bf8 34. b4 Qc7 35. Qh4 Bxh6 36. Rbd1 Bg5 37. Qf2 Qb6 38. Qxb6 axb6 39. Rxd3 Rxd3 40. Na4 Rd2 41. Nec3 Nf4 42. Rg1 b5 43. Bc1 Rc2 0-1


[Site "https://www.chess.com"]